 Dungeon Crawl Stone Soup version 0.18.1-2-ga659475 (webtiles) character file.

16 Implojin the Insei (level 2, 24/24 HPs)
             Began as a Mummy Monk on May 8, 2016.
             Quit the game on level 1 of the Dungeon.
             The game lasted 00:01:18 (477 turns).

Implojin the Insei (Mummy Monk)                      Turns: 477, Time: 00:01:18

Health: 24/24      AC:  0    Str: 14    XL:     2   Next: 37%
Magic:  2/2        EV: 13    Int:  9    God:
Gold:   6          SH:  0    Dex: 14    Spells: 0 memorised, 1 level left

rFire  . . .     SeeInvis .       - Unarmed
rCold  . . .     Gourm    .     (no armour)
rNeg   + + +     Faith    .     (no shield)
rPois  ∞         Spirit   .     (no helmet)
rElec  .         Dismiss  .     (no cloak)
rCorr  .         Reflect  .     (no gloves)
SustAt .         Harm     .     (no boots)
MR     .....                    (no amulet)
Stlth  +.........               d - ring of loudness (curse)
                                c - ring of fire

@: not resistant to hostile enchantments, very unstealthy
A: no food or potions, fire vulnerability, cold resistance 1, negative energy
resistance 3, torment resistance, unbreathing
a: no special abilities


You were on level 1 of the Dungeon.
You were not hungry.

You visited 1 branch of the dungeon, and saw 1 of its levels.

You collected 6 gold pieces.

Inventory:

Jewellery
 c - a ring of fire (left hand)
 d - a cursed ring of loudness (right hand)
Scrolls
 b - a scroll of identify {unknown}


   Skills:
 - Level 3.0 Fighting
 - Level 2.4 Dodging
 - Level 1.5 Stealth
 * Level 3.8 Unarmed Combat


You had one spell level left.
You didn't know any spells.

Dungeon Overview and Level Annotations

Branches:
Dungeon (1/15)

Altars:


Innate Abilities, Weirdness & Mutations

You do not eat or drink.
Your flesh is vulnerable to fire.
You are immune to poison.
Your flesh is cold resistant.
You are immune to negative energy.
You are immune to unholy pain and torment.
You can survive without breathing.


Message History

You kill the kobold!
You see here a kobold corpse.
You see here a bat corpse.
You start resting.
HP restored.
A goblin comes into view. It is wielding a dagger.
The goblin shouts!
A goblin is nearby!
A goblin is nearby!
You hit the goblin.
You kill the goblin!
Things that are here:
a dagger; a goblin corpse
There is a stone staircase leading down here.
Found 12 poisoned needles.
You see here 12 poisoned needles.
Found 32 sling bullets.
A giant newt comes into view.
A giant newt is nearby!
Take off which item? (? for menu, Esc to quit)
Okay, then.
Enter note: shit
Enter note: not again You barely miss the giant newt.
The giant newt barely misses you.
You closely miss the giant newt. The giant newt barely misses you.
You barely miss the giant newt.
The giant newt bites you but does no damage.
You barely miss the giant newt. You closely miss the giant newt.
The giant newt bites you but does no damage.
You closely miss the giant newt. The giant newt closely misses you.
You hit the giant newt.
You kill the giant newt!
You see here a giant newt corpse.
Take off which item? (? for menu, Esc to quit)
You start removing your armour.
You continue taking off your +0 robe. x4
You finish taking off your +0 robe.
Drop what? 4/52 slots (_ for help) (? for menu, Esc to quit)
You drop a +0 robe.
Are you sure you want to abandon this character and quit the game? (Confirm with "yes".)

#......######
...#.#.....#......'..... ...
.......#......#####.
..##......#......# #! #+
#........######## #)
#.##........# #.
#.#+#...........######## #.
#......................# #.
..#.........[.@..........# #.
.........##...............# #.
.........................†# #.
...............>..........# ###.
....................).....# #...
#...........##.####.....†.###.##
#..(.....†..##.#######'#..†.....
+#........##.(.....#.#.####.#.
#........########.#.#.# #.#.


There were no monsters in sight!

Vanquished Creatures
  A giant gecko (D:1)
  A bat (D:1)
  5 goblins (D:1)
  2 hobgoblins (D:1)
  A giant newt (D:1)
  3 kobolds (D:1)
13 creatures vanquished.

Notes
Turn   | Place    | Note
--------------------------------------------------------------
     0 | D:1      | Implojin the Mummy Monk began the quest for the Orb.
     0 | D:1      | Reached XP level 1. HP: 18/18 MP: 1/1
   320 | D:1      | Reached XP level 2. HP: 22/24 MP: 2/2
   450 | D:1      | shit
   450 | D:1      | not again
   477 | D:1      | Quit the game

Action                   || total
-------------------------++-------
Melee: Unarmed           ||    52
Armor: Robe              ||     8
Dodge: Dodged            ||    26

Table legend:
 A = Turns spent in this place as a percentage of turns spent in the entire game.
 B = Non-inter-level travel turns spent in this place as a percentage of non-inter-level travel turns spent in the entire game.
 C = Inter-level travel turns spent in this place as a percentage of turns spent in this place.
 D = Turns resting spent in this place as a percentage of non-inter-level travel turns spent in this place.
 E = Turns spent auto-exploring this place as a percentage of non-inter-level travel turns spent in this place.
 F = Non-inter-level travel turns spent in this place divided by the number of levels of this place that you've seen.
                   A       B       C       D       E      F
               +-------+-------+-------+-------+-------+----------------------
         Total | 100.0 | 100.0 |   0.0 |   4.1 |   5.1 | 197.0
       Dungeon | 100.0 | 100.0 |   0.0 |   4.1 |   5.1 | 197.0
               +-------+-------+-------+-------+-------+----------------------

Table legend:
 A = Kills in this place as a percentage of kills in entire the game.
 B = Kills by you in this place as a percentage of kills by you in the entire game.
 C = Kills by friends in this place as a percentage of kills by friends in the entire game.
 D = Other kills in this place as a percentage of other kills in the entire game.
 E = Experience gained in this place as a percentage of experience gained in the entire game.
 F = Experience gained in this place divided by the number of levels of this place that you have seen.
                   A       B       C       D       E      F
               +-------+-------+-------+-------+-------+----------------------
         Total | 100.0 | 100.0 |  -nan |  -nan | 100.0 |  23.0
       Dungeon | 100.0 | 100.0 |  -nan |  -nan | 100.0 |  23.0
               +-------+-------+-------+-------+-------+----------------------
